 Dungeon Crawl Stone Soup version 0.23.2-1-ga50397a (webtiles) character file.

Game seed: 13283892682784090606

2093 schauveau the Cleaver (level 9, 0/81 HPs)
             Began as a Hill Orc Fighter on Apr 27, 2019.
             Was a Priest of Beogh.
             Slain by a quasit (1 damage)
             ... on level 10 of the Dungeon.
             The game lasted 00:15:23 (6633 turns).

schauveau the Cleaver (Hill Orc Fighter)            Turns: 6633, Time: 00:15:24

Health: 0/81       AC:  4    Str: 22      XL:     9   Next: 27%
Magic:  9/9        EV: 11    Int:  8      God:    Beogh [***...]
Gold:   364        SH:  0    Dex: 14 (15) Spells: 8/8 levels left

rFire    . . .     SeeInvis .   a - +0 war axe
rCold    . . .     Gourm    .   (no shield)
rNeg     . . .     Faith    .   q - +0 plate armour
rPois    .         Spirit   .   (no helmet)
rElec    .         Reflect  .   p - +1 cloak
rCorr    .         Harm     .   u - +0 pair of gloves (curse)
MR       .....                  (no boots)
Stlth    ..........             (no amulet)
HPRegen  0.23/turn              (no ring)
MPRegen  0.11/turn              (no ring)

@: agile, lethally poisoned (0 -> -1), corroded, drained
A: no striking features
a: Smiting, Renounce Religion


You were on level 10 of the Dungeon.
You worshipped Beogh.
Beogh was most pleased with you.
You were hungry.

You visited 1 branch of the dungeon, and saw 10 of its levels.

You collected 364 gold pieces.

Inventory:

Hand Weapons
 a - a +0 war axe (weapon)
 K - the +6 quarterstaff of the Sky {drain, Str+3 Dex+3}
   (You took it off an orc on level 9 of the Dungeon)

   A truly terrible weapon, it drains the life of those it strikes.
   It affects your strength (+3).
   It affects your dexterity (+3).
Missiles
 k - 24 sling bullets
 G - 6 poisoned needles
 L - 2 tomahawks (quivered)
Armour
 b - a +0 scale mail
 c - a +0 shield
 p - a +1 cloak (worn)
 q - a +0 plate armour (worn)
 u - a cursed +0 pair of gloves (worn)
 x - a +0 pair of gloves
Jewellery
 m - an uncursed ring of wizardry
 t - an uncursed amulet of magic regeneration
 v - an uncursed amulet of harm
 z - an uncursed ring of flight
Wands
 d - a wand of iceblast (11)
 H - a wand of flame (11)
 J - a wand of disintegration (14)
 O - a wand of polymorph (9)
Scrolls
 e - 2 scrolls of teleportation
 g - 3 scrolls of enchant armour {unknown}
 h - a scroll of noise {unknown}
 i - 7 scrolls of identify
 o - 4 scrolls of blinking {unknown}
 r - 3 scrolls of remove curse {unknown}
 s - a scroll of fear {unknown}
 y - 3 scrolls of enchant weapon {unknown}
 B - a scroll of amnesia {unknown}
 E - a scroll of magic mapping {unknown}
 F - a scroll of random uselessness {unknown}
 N - a scroll of vulnerability {unknown}
Potions
 j - 2 potions of agility
 l - 2 potions of mutation {unknown}
 n - 2 potions of lignification {unknown}
 w - 4 potions of ambrosia
 A - 2 potions of heal wounds {unknown}
 C - a potion of cancellation {unknown}
 D - a potion of berserk rage {unknown}
 I - a potion of brilliance {unknown}
 M - a potion of degeneration {unknown}
Comestibles
 f - 11 rations


   Skills:
 + Level 8.0(6.8) Fighting
 * Level 11.0(9.7) Axes
 + Level 7.3(6.1) Armour
 - Level 3.7(2.6) Shields


You had 8 spell levels left.
You didn't know any spells.
Your spell library was empty.

Dungeon Overview and Level Annotations

Branches:
Dungeon (10/15)            Temple (0/1) D:6
   Lair: D:8-11         Orc: D:9-12

Altars:
Fedhas

Shops:
D:4 (   D:10 (

Annotations:
D:10 Fannar


Message History

* * * LOW HITPOINT WARNING * * *
The quasit claws you but does no damage.
The quasit claws you.
* * * LOW HITPOINT WARNING * * *
You completely miss the adder. You hit the quasit. The adder bites you.
* * * LOW HITPOINT WARNING * * *
The quasit barely misses you. x2
The quasit claws you but does no damage.
An orc wizard comes into view. It is wielding a +0 dagger.
The orc wizard falls on its knees before you.
It says, "I'm so glad you are here now."
The adder bites you.
* * * LOW HITPOINT WARNING * * *
You are lethally poisoned!
The adder poisons you!
It was a potion of agility.
You feel agile all of a sudden.
* * * LOW HITPOINT WARNING * * *
You feel sick. The quasit completely misses you. The quasit claws you.
You die...

#########
#########........
.∩......5...#####
o....o.@Sh...e..
#########W#.####
#.#.# #.#.# #.# #
#.# ..


You could see Fannar, a hungry ghost, a howler monkey, a quasit, an adder, an
orc and a friendly orc wizard.

Vanquished Creatures
  Eustachio (D:5)
  An ice beast (D:5)
  3 ogres
  2 centaurs
  A crocodile (D:9)
  3 bullfrogs
  A wight (D:9)
  3 howler monkeys (D:9)
  A bullfrog zombie (D:5)
  2 crimson imps
  A centaur skeleton (D:9)
  2 jellies
  A gnoll shaman (D:5)
  3 hounds
  An orc priest (D:5)
  3 orc wizards
  3 bullfrog skeletons
  An iguana (D:4)
  Crazy Yiuf (D:2)
  5 worker ants
  Natasha (thrice) (D:3)
  A hound skeleton (D:4)
  8 gnolls
  8 adders
  3 oozes
  An adder skeleton (D:6)
  6 worms
  A dart slug (D:1)
  7 leopard geckos
  12 orcs
  5 giant cockroaches
  12 hobgoblins
  15 jackals
  3 quokkas
  A ball python (D:3)
  6 bats
  4 frilled lizards
  6 goblins
  A jackal zombie (D:4)
  10 kobolds
  8 rats
160 creatures vanquished.

Vanquished Creatures (others)
  A minotaur (D:1)
  2 elves (D:1)
  A vine stalker (D:1)
  A vampire (D:1)
  4 ogres
  2 dwarves (D:1)
  A hound (D:5)
  An orc priest (D:5)
  An orc wizard (D:5)
  2 worker ants (D:5)
  9 orcs
  A kobold (D:1)
  A quokka (D:5)
  4 tentacles (D:1)
31 creatures vanquished.

Grand Total: 191 creatures vanquished

Notes
Turn   | Place    | Note
-------+----------+-------------------------------------------
     0 | D:1      | schauveau the Hill Orc Fighter began the quest for the Orb.
     0 | D:1      | Reached XP level 1. HP: 19/19 MP: 1/1
     0 | D:1      | Noticed an ogre
     0 | D:1      | Noticed a dwarf
     0 | D:1      | Noticed a vine stalker
     0 | D:1      | Noticed an ogre
     0 | D:1      | Noticed a minotaur
     0 | D:1      | Noticed a kraken
     0 | D:1      | Noticed an elf
     0 | D:1      | Noticed an elf
     0 | D:1      | Noticed a vampire
     0 | D:1      | Noticed an ogre
     0 | D:1      | Noticed a dwarf
     3 | D:1      | Killed an ogre
     3 | D:1      | Killed an elf
     4 | D:1      | Killed a dwarf
     5 | D:1      | Killed an elf
     6 | D:1      | Killed a vampire
     7 | D:1      | Killed an ogre
     8 | D:1      | Killed a dwarf
    10 | D:1      | Killed an ogre
    10 | D:1      | Killed a minotaur
    10 | D:1      | Killed a vine stalker
    38 | D:1      | Reached XP level 2. HP: 17/27 MP: 2/2
   249 | D:1      | Reached skill level 3 in Axes
   322 | D:2      | Reached XP level 3. HP: 28/33 MP: 3/3
   674 | D:2      | Reached skill level 4 in Axes
   674 | D:2      | Reached XP level 4. HP: 24/40 MP: 4/4
   912 | D:4      | Found Plog's Weapon Shop.
  1146 | D:5      | Entered Level 5 of the Dungeon
  1146 | D:5      | Noticed an ogre
  1147 | D:5      | Became a worshipper of Beogh the Brigand
  1178 | D:3      | Reached XP level 5. HP: 43/47 MP: 5/5
  1431 | D:1      | Reached skill level 5 in Axes
  2226 | D:2      | Reached XP level 6. HP: 52/55 MP: 6/6
  2525 | D:2      | Reached * piety under Beogh
  2646 | D:2      | Reached skill level 5 in Fighting
  2814 | D:2      | Found a runed translucent door.
  2815 | D:2      | Noticed Crazy Yiuf
  2979 | D:2      | Killed Crazy Yiuf
  3185 | D:3      | Reached skill level 6 in Axes
  3219 | D:3      | Noticed Natasha
  3233 | D:3      | Killed Natasha
  3369 | D:3      | Noticed Natasha
  3378 | D:3      | Killed Natasha
  3421 | D:3      | Noticed Natasha
  3427 | D:3      | Killed Natasha
  3918 | D:4      | Reached skill level 5 in Armour
  3918 | D:4      | Reached XP level 7. HP: 40/61 MP: 7/7
  3938 | D:4      | Reached skill level 7 in Axes
  4476 | D:4      | Reached ** piety under Beogh
  4611 | D:5      | Noticed Eustachio
  4615 | D:5      | Reached skill level 8 in Axes
  4620 | D:5      | Reached XP level 8. HP: 47/71 MP: 8/8
  4870 | D:5      | Killed Eustachio
  5045 | D:5      | Found a blossoming altar of Fedhas.
  5087 | D:5      | Reached skill level 9 in Axes
  5553 | D:6      | Found a staircase to the Ecumenical Temple.
  5799 | D:6      | Reached *** piety under Beogh
  5799 | D:6      | Reached skill level 10 in Axes
  6063 | D:6      | Reached XP level 9. HP: 79/79 MP: 9/9
  6301 | D:7      | You fall through a shaft for 2 floors!
  6423 | D:10     | Entered Level 10 of the Dungeon
  6503 | D:9      | Identified the +6 quarterstaff of the Sky {drain, Str+3
                  | Dex+3}
  6626 | D:10     | Found Intena's Weapon Shop.
  6631 | D:10     | Reached skill level 11 in Axes
  6631 | D:10     | Noticed Fannar
  6632 | D:10     | HP: 3/81 [adder (2)]
  6633 | D:10     | HP: 1/81 [poisoned by an adder]
  6633 | D:10     | Slain by a quasit

Skill      XL: |  1  2  3  4  5  6  7  8  9 |
---------------+----------------------------+-----
Axes           | 3 4 5 6 8 10 11 | 11.0
Fighting       | 4 5 6 7 8 |  8.0
Armour         | 4 5 6 7 |  7.3
Shields        | |  3.7

Action                   |  1- 3 |  4- 6 |  7- 9 || total
-------------------------+-------+-------+-------++-------
Melee: War axe           |    94 |   256 |   311 ||   661
Invok: Convert to Beogh  |       |     1 |       ||     1
  Use: Potion            |       |     2 |     2 ||     4
       Scroll            |       |       |     4 ||     4
  Eat: Chunk             |       |     7 |     4 ||    11
       Ration            |       |     1 |     2 ||     3
Armor: Scale mail        |    35 |    11 |       ||    46
       Plate armour      |       |   169 |   266 ||   435
Dodge: Dodged            |    65 |   106 |   132 ||   303
Block: Shield            |    35 |       |       ||    35
